 Dungeon Crawl Stone Soup version 0.29.1-15-g9cfb28693d (webtiles) character file.

Game seed: 15596798731550895756

119 ChiefBigBeans the Digger (level 5, -3/30 HPs)
             Began as a Gargoyle Earth Elementalist on Feb 23, 2023.
             Slain by an ogre
             ... wielding a +0 giant club
              (10 damage)
             ... on level 4 of the Dungeon.
             The game lasted 00:11:16 (2674 turns).

ChiefBigBeans the Digger (GrEE)                     Turns: 2674, Time: 00:11:16

Health: -3/30      AC: 11    Str: 11      XL:     5   Next: 3%
Magic:  7/9        EV: 10    Int: 17 (18) God:
Gold:   152        SH:  0    Dex:  9 (10) Spells: 8/9 levels left

rFire   . . .      SeeInvis .   c - +7 lajatang of Order {silver, rMut}
rCold   . . .      Faith    .   (shield currently unavailable)
rNeg    + . .      Spirit   .   o - +0 ring mail
rPois   ∞          Reflect  .   (no helmet)
rElec   +          Harm     .   l - +1 cloak
rCorr   .          Rampage  .   (no gloves)
rMut    +                       (no boots)
Will    .....                   (no amulet)
Stlth   ..........              (no ring)
HPRegen 0.10/turn               (no ring)
MPRegen 0.11/turn

@: confused
A: sickness immunity, AC +4, negative energy resistance 1, electricity
resistance, torment resistance 1, petrification resistance
a: no special abilities


You were on level 4 of the Dungeon.
You visited 1 branch of the dungeon, and saw 4 of its levels.

You collected 152 gold pieces.

Inventory:

Hand Weapons
 c - the +7 lajatang of Order (weapon) {silver, rMut}
   (You acquired it on level 1 of the Dungeon)

   It inflicts extra damage upon those it strikes, and deals substantially
   increased damage to chaotic, mutated and magically transformed beings.
   rMut:      It protects you from mutation.
 e - a +0 whip
 h - a +0 hand axe
 k - a +0 quarterstaff
 m - a +0 short sword
Armour
 a - a +0 robe
 d - a +0 leather armour
 g - a +0 chain mail
 l - a +1 cloak (worn)
 o - a +0 ring mail (worn)
Wands
 q - a wand of iceblast (14)
Scrolls
 j - a scroll of amnesia
 n - 3 scrolls of identify
 p - a scroll of summoning
 s - a scroll of fear
Potions
 b - 3 potions of magic
 f - a potion of ambrosia
 i - a potion of lignification
 r - a potion of heal wounds


   Skills:
 + Level 2.3 Fighting
 - Level 0.8(1.2) Maces & Flails
 + Level 1.4(1.6) Staves
 - Level 1.5 Dodging
 - Level 2.1 Stealth
 + Level 2.9 Spellcasting
 - Level 0.9 Transmutations
 + Level 4.5 Earth Magic


You had 8 spell levels left.
You knew the following spells:

 Your Spells              Type           Power      Damage    Failure   Level
a - Sandblast             Erth           34%        2d9       7%          1

Your spell library contained the following spells:

 Spells                   Type           Power      Damage    Failure   Level
 Passwall                 Tmut/Erth      9%         N/A       22%         2
 Stone Arrow              Conj/Erth      20%        3d8       45%         3
 Petrify                  Tmut/Erth      11%        N/A       80%         4


Dungeon Overview and Level Annotations

Branches:
Dungeon (4/15)
 Temple: D:4-7

Altars:


Innate Abilities, Weirdness & Mutations

You are immune to sickness and miasma.
Your stone body is resilient. (AC +4)
You are immune to poison.
You resist negative energy. (rN+)
You are resistant to electric shocks. (rElec)
You are resistant to unholy torment.
You are immune to petrification.


Message History

The orc shouts!
An orc comes into view. It is wielding a +0 whip.
An ogre comes into view. It is wielding a +0 giant club.
The blast of sand hits the orc!
You kill the orc!
The blast of sand hits the orc!
You kill the orc!
The orc wizard points at you and mumbles some strange words.
You are confused.
You have reached level 5!
You're too confused to cast spells.
You barely miss the adder. The adder bites you.
The orc wizard casts a spell at you.
You are more confused.
The orc wizard hits you but does no damage.
The adder barely misses you.
You are too confused!
Okay, then.
You miss the orc. The adder bites you but does no damage.
The orc hits you but does no damage.
The orc wizard hits you but does no damage.
You bump into the rock wall.
The adder closely misses you. The ogre hits you but does no damage.
The orc closely misses you. The orc wizard closely misses you.
The adder bites you but does no damage.
You slash the orc!
You kill the orc!
The orc wizard closely misses you. The adder misses you.
The ogre hits you with a +0 giant club!!
Ouch! That really hurt!
* * * LOW HITPOINT WARNING * * *
You miss the adder. The adder bites you but does no damage.
The orc wizard hits you but does no damage.
The adder bites you but does no damage. The ogre misses you.
The orc wizard hits you with a +0 dagger.
* * * LOW HITPOINT WARNING * * *
You slice the adder!!
You kill the adder!
The orc wizard hits you but does no damage.
The ogre hits you with a +0 giant club!
You die...

.## ... #.. .
#..##.##.## ..
##..... ...###...
....?.. .........
#....<. #........
.......##Oo......
......$.#@).....#
##.........!.....
.......<...####..
#...........#
#...........#
##..........#
####.........
###..#..##.
...###.


You could see an ogre and an orc wizard.

Vanquished Creatures
  5 adders
  2 worms
  4 dart slugs
  3 orcs (D:4)
  5 ball pythons
  3 bats
  7 endoplasms
  2 giant cockroaches
  5 hobgoblins
  6 jackals
  6 kobolds
  3 frilled lizards
  5 goblins
  7 rats
63 creatures vanquished.

Notes
Turn   | Place    | Note
-------+----------+-------------------------------------------
     0 | D:1      | ChiefBigBeans the Gargoyle Earth Elementalist began the
                  | quest for the Orb.
     0 | D:1      | Reached XP level 1. HP: 10/10 MP: 3/3
   537 | D:1      | Reached XP level 2. HP: 16/16 MP: 1/5
   621 | D:1      | Reached skill level 1 in Fighting
   814 | D:1      | Identified a scroll of acquirement
   818 | D:1      | Acquired the +7 lajatang of Order {silver, rMut}
   818 | D:1      | Found the +7 lajatang of Order {silver, rMut}
  1044 | D:2      | Reached skill level 4 in Earth Magic
  1052 | D:2      | Reached XP level 3. HP: 20/20 MP: 6/6
  1768 | D:2      | Reached XP level 4. HP: 26/26 MP: 7/7
  1805 | D:2      | Reached skill level 1 in Staves
  2665 | D:4      | Noticed an ogre
  2668 | D:4      | Reached XP level 5. HP: 30/30 MP: 6/9
  2674 | D:4      | Slain by an ogre

Illustrated notes

Levels and vault maps discovered:
D:1:      tarquinn_simple_flora_water_f, layout_loops_ring,
          minmay_misc_feat_pillars, minmay_distorted
D:2:      layout_loops_ring
D:3:      layout_basic, supply_closet_lemuel, reono_crystal_passage
D:4:      layout_cave_pools, minmay_temple_entry_hall, uniq_sigmund

Skill      XL: |  1  2  3  4 |
---------------+-------------+-----
Fighting       | 1 2 |  2.3
Earth Magic    | 4 |  4.5
Staves         | 1 |  1.4
Maces & Flails | |  0.8
Dodging        | |  1.5
Stealth        | |  2.1
Spellcasting   | |  2.9
Transmutations | |  0.9

Action                   |  1- 3 |  4- 6 || total
-------------------------+-------+-------++-------
Melee: Unarmed           |     5 |       ||     5
       Whip              |    36 |       ||    36
       Lajatang          |    40 |    27 ||    67
 Cast: Sandblast         |    18 |    17 ||    35
  Use: Scroll            |     7 |     3 ||    10
       Potion            |     5 |     1 ||     6
Armor: Leather armour    |    35 |       ||    35
       Ring mail         |     3 |    24 ||    27
Dodge: Dodged            |    54 |    22 ||    76
